 Dungeon Crawl Stone Soup version 0.32-a0-818-gb728d0252e (webtiles) character file.

Game seed: 4342898612846619082

1431 Lanoc the Shooter (level 8, -8/63 HPs)
             Began as a Coglin Hunter on Mar 24, 2024.
             Was a Plaything of Xom.
             Mangled by a gnoll sergeant
             ... wielding a +0 heavy spear
              (14 damage)
             ... on level 5 of the Dungeon.
             The game lasted 00:05:01 (3440 turns).

Lanoc the Shooter (Coglin Hunter)                   Turns: 3440, Time: 00:05:02

Health: -8/63      AC:  3    Str: 12    XL:     8   Next: 73%
Magic:  8/8        EV: 13    Int:  8    God:    Xom [...*..]
Gold:   48         SH:  0    Dex: 20    Spells: 7/7 levels left

rFire   . . .        a - +2 sling {Rupprecht}
rCold   . . .        w - +1 sling (flame) {Aida}
rNeg    . . .        c - +0 leather armour
rPois   .            (no helmet)
rElec   .            (no cloak)
rCorr   .            (no gloves)
SInv    .            (no boots)
Will    .....        (amulet unavailable)
Stlth   ++           (ring unavailable)
HPRegen 0.30/turn    (ring unavailable)
MPRegen 0.11/turn    (no gizmo)

%: no passive effects
@: revved
A: off-hand wielding, slow wielding, warmup strikes, no jewellery
a: Invent Gizmo, Renounce Religion


You were on level 5 of the Dungeon.
You worshipped Xom.
You were a favourite toy of Xom.
You visited 1 branch of the dungeon, and saw 5 of its levels.

You collected 239 gold pieces.
You spent 191 gold pieces at shops.

Inventory:

Hand Weapons
 a - a +2 sling (weapon) {Rupprecht}
 w - a +1 sling of flaming (offhand) {Aida}
Missiles
 o - a throwing net
Armour
 c - a +0 leather armour (worn)
Wands
 v - a wand of acid (8)
Scrolls
 b - a scroll of butterflies
 g - 2 scrolls of revelation {unknown}
 j - a scroll of enchant armour {unknown}
 l - 2 scrolls of immolation
 m - 3 scrolls of enchant weapon {unknown}
 n - 3 scrolls of identify {unknown}
 r - 2 scrolls of blinking {unknown}
 s - a scroll of amnesia {unknown}
Potions
 e - 2 potions of might {unknown}
 f - a potion of attraction {unknown}
 h - 3 potions of haste {unknown}
 i - 3 potions of curing {unknown}
 k - a potion of lignification {unknown}
 p - a potion of cancellation {unknown}
 q - a potion of heal wounds {unknown}
 t - a potion of invisibility {unknown}
 u - a potion of ambrosia {unknown}


   Skills:
 + Level 5.5 Fighting
 * Level 7.8 Ranged Weapons
 + Level 5.0 Dodging
 - Level 0.7 Stealth


You had 7 spell levels left.
You didn't know any spells.
Your spell library contained the following spells:

 Spells                   Type           Power      Damage    Failure   Level
 Magic Dart               Conj           0%         1d3       50%         1
 Shock                    Conj/Air       0%         1d3       50%         1
 Blink                    Tloc           0%         N/A       63%         2
 Call Imp                 Summ           0%         N/A       63%         2
 Ensorcelled Hibernation  Hex/Ice        0%         N/A       63%         2
 Jinxbite                 Hex            0%         N/A       63%         2
 Sublimation of Blood     Necr           0%         N/A       63%         2
 Passwall                 Erth           0%         N/A       86%         3
 Stone Arrow              Conj/Erth      0%         3d7       86%         3
 Swiftness                Air            0%         N/A       86%         3
 Volatile Blastmotes      Fire/Tloc      0%         2d10      86%         3
 Airstrike                Air            0%         2d(0-16)  99%         4
 Animate Armour           Summ/Erth      0%         N/A       99%         4
 Fulminant Prism          Conj/Alch      0%         3d5       99%         4
 Iskenderun's Mystic Bla  Conj/Tloc      0%         2d3       99%         4
 Petrify                  Alch/Erth      0%         N/A       99%         4
 Irradiate                Conj/Alch      0%         3d11      100%        5
 Yara's Violent Unravell  Hex/Alch       0%         3d3       100%        5
 Enfeeble                 Hex            0%         N/A       100%        7
 Summon Hydra             Summ           0%         N/A       100%        7
 Lehudib's Crystal Spear  Conj/Erth      0%         10d2      100%        8


Dungeon Overview and Level Annotations

Branches:
Dungeon (5/15)             Temple (0/1) D:5

Altars:
Xom

Shops:
D:5 *


Innate Abilities, Weirdness & Mutations

You can wield a second weapon in your off-hand.
It takes a long time for you to wield or remove held weapons.
Your first few attacks do less damage.
You cannot equip rings or amulets.


Message History

You shoot a sling bullet.
The sling bullet hits the gnoll sergeant but does no damage.
The gnoll sergeant is heavily wounded.
You shoot a sling bullet.
The sling bullet hits the gnoll sergeant.
The gnoll sergeant is heavily wounded.
The gnoll sergeant hits you from afar with a +0 heavy spear!
* * * LOW HITPOINT WARNING * * *
Fire: a) +2 sling {Rupprecht}
Press: ? - help, Q - select action, (/) - cycle Shift-Dir - straight line, f/p - gnoll sergeant
Aim: a gnoll sergeant, wielding a +0 heavy spear, wearing a +0 scale mail and wearing a +0 kite shield (heavily wounded, 76% to hit)
You shoot a sling bullet.
The sling bullet hits the gnoll sergeant.
The sling bullet burns the gnoll sergeant.
The gnoll sergeant is severely wounded.
You shoot a sling bullet.
The sling bullet hits the gnoll sergeant.
The gnoll sergeant is almost dead.
Fire: a) +2 sling {Rupprecht}
Press: ? - help, Q - select action, (/) - cycle Shift-Dir - straight line, f/p - gnoll sergeant
Aim: a gnoll sergeant, wielding a +0 heavy spear, wearing a +0 scale mail and wearing a +0 kite shield (almost dead, 76% to hit)
You shoot a sling bullet.
The gnoll sergeant blocks the sling bullet.
You shoot a sling bullet.
The gnoll sergeant blocks the sling bullet.
The gnoll sergeant closely misses you.
Fire: a) +2 sling {Rupprecht}
Press: ? - help, Q - select action, (/) - cycle Shift-Dir - straight line, f/p - gnoll sergeant
Aim: a gnoll sergeant, wielding a +0 heavy spear, wearing a +0 scale mail and wearing a +0 kite shield (almost dead, 76% to hit)
You shoot a sling bullet.
The sling bullet hits the gnoll sergeant but does no damage.
The gnoll sergeant is almost dead.
You shoot a sling bullet.
The sling bullet hits the gnoll sergeant but does no damage.
The gnoll sergeant is almost dead. "Take this instrument of something!"
Something appears at your feet!
You see here a +2 leather armour of fire resistance.
The gnoll sergeant hits you from afar with a +0 heavy spear!
You die...

........................##....#.#
.....................##....##.#..
..............<...<.....##......#
..#.)!................#....>.##..
......................#.##......#
..........#....###.........##.#.#
.......####.#### #...##.#.....#..
..........#.######......#..##....
.......##.#...g†@.=..##.......##.
.......$....######.......##.#....
....[..)$.............##....#...#
...............................
.......#............##.........
.....###.............'.........
..... #.........##.##.........
.... #..#######...##.#+###### ###
#..# ♣♣♣ ##.###...# #


You could see a gnoll sergeant.

Vanquished Creatures
  Pikel (D:4)
  Prince Ribbit (D:5)
  Menkaure (D:5)
  2 black bears
  A phantom (D:4)
  2 lemures (D:4)
  A scorpion (D:5)
  An orc priest (D:4)
  3 hounds
  2 orc wizards (D:5)
  7 gnolls
  5 adders
  2 dart slugs (D:4)
  4 ribbon worms
  9 orcs
  6 bats
  5 endoplasms
  3 giant cockroaches
  10 goblins
  9 hobgoblins
  8 jackals
  6 quokkas
  7 ball pythons
  3 frilled lizards
  3 kobolds
  3 rats
105 creatures vanquished.

Notes
Turn   | Place    | Note
-------+----------+-------------------------------------------
     0 | D:1      | Lanoc the Coglin Hunter began the quest for the Orb.
     0 | D:1      | Reached XP level 1. HP: 16/16 MP: 1/1
    75 | D:1      | Reached XP level 2. HP: 22/22 MP: 2/2
   124 | D:1      | Reached skill level 4 in Ranged Weapons
   172 | D:1      | Reached XP level 3. HP: 28/28 MP: 3/3
   489 | D:2      | Identified the +3 leather armour of Negation {rElec Str+3}
   605 | D:2      | Reached XP level 4. HP: 34/34 MP: 4/4
  1029 | D:3      | Identified the ring "Biupreem" {rPois rC+ SInv}
  1312 | D:3      | Reached XP level 5. HP: 41/41 MP: 5/5
  1393 | D:3      | Found a faded altar of an unknown god.
  1401 | D:3      | Got Plato's Cyclopedia of Energy
  1402 | D:3      | Prayed at the altar of an unknown god.
  1402 | D:3      | Became a worshipper of Xom of Chaos
  1850 | D:4      | Noticed a lemure
  1851 | D:4      | Noticed a lemure
  1854 | D:4      | Noticed a lemure
  1867 | D:4      | Killed a lemure
  1868 | D:4      | Killed a lemure
  1922 | D:4      | Noticed Pikel
  1923 | D:4      | XOM: divination: detect creatures
  1926 | D:4      | Noticed a lemure
  1929 | D:4      | XOM: potion effect (berserk rage)
  1930 | D:4      | Killed Pikel
  1931 | D:4      | Reached skill level 6 in Ranged Weapons
  1931 | D:4      | Reached XP level 6. HP: 32/48 MP: 6/6
  1931 | D:4      | Reached XP level 7. HP: 36/54 MP: 7/7
  2379 | D:4      | XOM: divination: detect items
  2540 | D:4      | XOM: silly message
  2596 | D:4      | XOM: divination: detect creatures
  2847 | D:5      | Entered Level 5 of the Dungeon
  2874 | D:5      | Reached XP level 8. HP: 49/61 MP: 8/8
  2882 | D:5      | XOM: noise
  2989 | D:5      | Noticed Menkaure
  2995 | D:5      | Killed Menkaure
  2996 | D:5      | Reached skill level 7 in Ranged Weapons
  3004 | D:5      | Reached skill level 5 in Fighting
  3053 | D:5      | Noticed Prince Ribbit
  3054 | D:5      | XOM: enchant monster (good)
  3059 | D:5      | Killed Prince Ribbit
  3138 | D:5      | Found a staircase to the Ecumenical Temple.
  3364 | D:5      | Found Inotsifa's Fire Supplies.
  3370 | D:5      | Bought a +1 sling of flaming for 135 gold pieces
  3370 | D:5      | Bought a scroll of immolation for 56 gold pieces
  3430 | D:5      | Reached skill level 5 in Dodging
  3433 | D:5      | XOM: silly message
  3440 | D:5      | XOM: god gift: glowing leather armour {god gift}
  3440 | D:5      | Mangled by a gnoll sergeant

Illustrated notes

Levels and vault maps discovered:
D:1:      orjb1_clovarrival, layout_rooms
D:2:      layout_basic, chequers_jeans
D:3:      layout_basic, shapermc_ecumenical_altar_rom_forum
D:4:      layout_basic, uniq_pikel
D:5:      layout_basic, chequers_temple_overflow_minitemple,
          makhleb_grotto_becter, minmay_temple_entry_ruins,
          nicolae_shop_fire_sale [nicolae_sub_dead_trees], uniq_menkaure,
          uniq_prince_ribbit1

Skill      XL: |  1  2  3  4  5  6  7  8 |
---------------+-------------------------+-----
Dodging        | 2 3 4 5 |  5.0
Ranged Weapons | 4 6 7 |  7.8
Fighting       | 3 4 5 |  5.5
Stealth        | |  0.7

Action                     |  1- 3 |  4- 6 |  7- 9 || total
---------------------------+-------+-------+-------++-------
  Melee: Sling             |       |     1 |       ||     1
   Fire: Sling             |   162 |   170 |   276 ||   608
 Armour: Leather armour    |     9 |    15 |    35 ||    59
  Dodge: Dodged            |    16 |    15 |    44 ||    75

Table legend: (Time is in decaauts)
 A = Elapsed time spent in this place.
 B = Non-inter-level travel time spent in this place.
 C = Inter-level travel time spent in this place.
 D = Time resting spent in this place.
 E = Time spent auto-exploring this place.
 F = Levels seen in this place.
 G = Mean time per level.
                   A        B        C        D        E       F      G
               +--------+--------+--------+--------+--------+-----+--------+
         Total |   3510 |   3397 |    113 |      0 |   2834 |   5 |  702.0 |
       Dungeon |   3510 |   3397 |    113 |      0 |   2834 |   5 |  702.0 |
               +--------+--------+--------+--------+--------+-----+--------+

Top non-repeatable levels by time:
     D:4: 1123 daAuts
     D:3: 766 daAuts
     D:2: 605 daAuts
     D:5: 570 daAuts
     D:1: 443 daAuts
